 Dungeon Crawl Stone Soup version 0.26-a0-660-gc07710193c (webtiles) character file.

Game seed: 4887298445821708821

2891 pureshit the Archer (level 9, -8/71 HPs)
             Began as a Gnoll Wanderer on Oct 7, 2020.
             Was a Believer of Cheibriados.
             Mangled by an orc warrior
             ... wielding a +0 glaive
              (20 damage)
             ... on level 8 of the Dungeon.
             The game lasted 00:22:46 (10582 turns).

pureshit the Archer (Gnoll Wanderer)               Turns: 10582, Time: 00:22:47

Health: -8/71      AC: 16    Str: 28    XL:     9   Next: 77%
Magic:  1/15       EV: 13    Int: 21    God:    Cheibriados [**....]
Gold:   208        SH:  5    Dex: 19    Spells: 11/17 levels left

rFire    . . .     SeeInvis .   j - +5 flail (holy)
rCold    . . .     Faith    .   (no shield)
rNeg     . . .     Spirit   .   Q - +2 scale mail {rPois}
rPois    +         Reflect  +   t - +2 hat
rElec    .         Harm     .   O - +0 cloak (curse)
rCorr    .         Rampage  .   q - +2 pair of gloves
MR       .....                  r - +0 pair of boots
Stlth    ++........             F - amulet of reflection
HPRegen  0.21/turn              x - +6 ring of strength
MPRegen  0.14/turn              J - ring of wizardry

@: about to teleport, very slightly contaminated, very slow
A: distributed training, fangs 1, strong nose
a: Bend Time, Renounce Religion


You were on level 8 of the Dungeon.
You worshipped Cheibriados.
Cheibriados was pleased with you.
You visited 2 branches of the dungeon, and saw 9 of its levels.
You also visited: Ossuary.

You collected 460 gold pieces.
You spent 252 gold pieces at shops.

Inventory:

Hand Weapons
 a - a +0 mace
 c - a +0 shortbow
 j - a +5 flail of holy wrath (weapon)
 l - a +0 spear of freezing
 H - a +2 vorpal hand axe
 N - a cursed -3 spear
Missiles
 d - 134 arrows
 M - 2 throwing nets (quivered)
Armour
 e - a +0 robe
 q - a +2 pair of gloves (worn)
 r - a +0 pair of boots (worn)
 t - a +2 hat (worn)
 O - a cursed +0 cloak (worn)
 Q - a +2 scale mail of poison resistance (worn)
Jewellery
 k - an uncursed ring of protection from fire {unknown}
 m - an uncursed ring of resist corrosion
 s - an uncursed ring of positive energy
 x - a +6 ring of strength (left hand)
 F - an amulet of reflection (around neck)
 I - an uncursed amulet of guardian spirit
 J - a ring of wizardry (right hand)
 P - a cursed amulet of inaccuracy {unknown}
Wands
 h - a wand of iceblast (12)
Scrolls
 b - a scroll of identify
 g - 3 scrolls of remove curse
 i - 3 scrolls of enchant weapon
 n - 2 scrolls of magic mapping
 o - 2 scrolls of blinking
 p - 2 scrolls of fear
 v - a scroll of teleportation
 w - 3 scrolls of amnesia
 y - 3 scrolls of immolation
 K - a scroll of enchant armour
 L - a scroll of vulnerability
 R - a scroll of summoning {unknown}
Potions
 f - a potion of brilliance
 u - a potion of degeneration {unknown}
 z - a potion of curing
 A - 2 potions of lignification {unknown}
 B - 2 potions of ambrosia {unknown}
 C - a potion of heal wounds
 D - a potion of resistance {unknown}
 E - a potion of mutation {unknown}
 G - a potion of magic {unknown}


   Skills:
 + Level 6.5 Fighting
 + Level 4.5 Short Blades
 + Level 4.5 Long Blades
 + Level 4.5 Axes
 + Level 4.5 Maces & Flails
 + Level 4.5 Polearms
 + Level 4.5 Staves
 + Level 4.5 Slings
 + Level 8.1 Bows
 + Level 4.5 Crossbows
 + Level 4.5 Throwing
 + Level 4.5 Armour
 + Level 4.5 Dodging
 + Level 5.2 Stealth
 + Level 5.3 Shields
 + Level 4.5 Unarmed Combat
 + Level 4.5 Spellcasting
 + Level 3.7 Conjurations
 + Level 3.7 Hexes
 + Level 3.7 Summonings
 + Level 3.7 Necromancy
 + Level 3.7 Translocations
 + Level 3.7 Transmutations
 + Level 4.4 Fire Magic
 + Level 3.7 Ice Magic
 + Level 5.4 Air Magic
 + Level 3.7 Earth Magic
 + Level 3.7 Poison Magic
 + Level 5.0 Invocations
 + Level 4.5 Evocations


You had 11 spell levels left.
You knew the following spells:

 Your Spells              Type           Power        Failure   Level
a - Shock                 Conj/Air       ###.         1%          1
b - Lightning Bolt        Conj/Air       ###.......   36%         5

Your spell library contained the following spells:

 Spells                   Type           Power        Failure   Level
 Swiftness                Air            ####....     1%          2
 Static Discharge         Conj/Air       ###.....     4%          3
 Airstrike                Air            ####......   11%         4


Dungeon Overview and Level Annotations

Branches:
Dungeon (8/15)             Temple (1/1) D:4         Ossuary (visited)
   Lair: D:8-11

Altars:
Ashenzari
Cheibriados
Dithmenos
Elyvilon
Fedhas
Hepliaklqana
Kikubaaqudgha
Makhleb
Nemelex Xobeh
Okawaru
Qazlal
Ru
Sif Muna
Uskayaw
Vehumet
Wu Jian
Xom
Yredelemnul
The Shining One

Shops:
D:8 =*


Innate Abilities, Weirdness & Mutations

Your experience applies equally to all skills.
You have very sharp teeth.
Your uncanny sense of smell can sniff out nearby items.


Message History

That beam is likely to hit you.
Continue anyway?
Okay, then.
The orc priest calls upon Beogh to heal the orc warrior.
The orc warrior is healed somewhat.
The orc warrior hits you from afar with a +0 glaive!
* * * LOW HITPOINT WARNING * * *
Unknown command.
You feel much better. You block the orc's attack.
The orc warrior hits you from afar with a +0 glaive!!
* * * LOW HITPOINT WARNING * * *
The orc priest closely misses you.
Evoke which item? (* to show all) (? for menu, Esc to quit)
Okay, then.
As you read the scroll of teleportation, it crumbles to dust.
You feel strangely unstable. The worker ant barely misses you.
The worker ant bites you but does no damage.
The orc barely misses you. The orc priest misses you.
You block the orc's attack.
The orc warrior hits you from afar with a +0 glaive!!
You die...

#. ## #.#.# ..##.##. ....
.........#.#.#.#.#..#
....................#
........#.#.#.#.#.#.#
....................##
.......#o#.#.#.#.#.#.#
.......Bo@..........#
.......o#.#.#.#.#.#.##
.....................####
.........#.#.#.#.#......##
..........................
........#.#.#.#.#.........
.................#.......∩
.......##....#########....
#....## ###... ####.


You could see an orc warrior, a worker ant, an orc priest and an orc.

Vanquished Creatures
  A steam dragon (D:7)
  Edmund (D:5)
  A water moccasin (D:7)
  2 orc warriors (D:6)
  A phantom (D:7)
  2 sky beasts
  4 ogres
  A centaur (D:6)
  A bullfrog (D:6)
  A wyvern zombie (Ossuary)
  A scorpion (D:5)
  4 wights (D:6)
  A crimson imp (D:3)
  A quasit (D:7)
  4 centaur zombies
  6 bullfrog zombies
  2 orc priests
  A jelly (D:6)
  2 bullfrog skeletons
  2 hounds
  Natasha (twice) (D:4)
  4 orc wizards
  3 worker ants
  A hound skeleton (D:6)
  14 mummies (Ossuary)
  4 worker ant zombies
  A howler monkey skeleton (D:6)
  12 adders
  2 white imps (D:6)
  An ufetubus (D:6)
  An ooze (D:2)
  3 worms
  2 dart slugs (D:2)
  4 leopard geckos
  15 orcs
  3 giant cockroaches
  5 goblins
  5 hobgoblins
  7 jackals
  5 kobolds
  A quokka (D:5)
  A ball python (D:4)
  A ball python skeleton (D:6)
  9 bats
  5 frilled lizards
  4 jackal zombies
  2 leopard gecko zombies (Ossuary)
  A quokka zombie (Ossuary)
  4 rats
161 creatures vanquished.

Vanquished Creatures (others)
  An ogre (D:6)
  A centaur (D:6)
  A wight (D:6)
  A bullfrog skeleton (D:6)
  A worker ant zombie (D:6)
  2 adders (D:6)
  An ufetubus (D:6)
  2 leopard geckos (D:6)
  An orc (D:6)
  A giant cockroach (D:6)
  A quokka (D:6)
  60 plants (D:2)
  7 withered plants (Ossuary)
80 creatures vanquished.

Grand Total: 241 creatures vanquished

Notes
Turn   | Place    | Note
-------+----------+-------------------------------------------
     0 | D:1      | pureshit the Gnoll Wanderer began the quest for the Orb.
     0 | D:1      | pureshit set off with the following items: a +0 mace, a +0
                  | shortbow, 24 arrows, a +0 robe; and the following spell
                  | memorised: Shock; and the following spells available to
                  | memorise: Swiftness, Static Discharge, Airstrike, Lightning
                  | Bolt
     0 | D:1      | Reached XP level 1. HP: 20/20 MP: 1/1
   522 | D:1      | Reached XP level 2. HP: 20/26 MP: 0/2
  1276 | D:2      | Reached XP level 3. HP: 27/31 MP: 0/3
  1705 | D:2      | Reached skill level 1 in Invocations
  1970 | D:2      | Reached skill level 1 in Short Blades
  1970 | D:2      | Reached skill level 1 in Long Blades
  1970 | D:2      | Reached skill level 1 in Axes
  1970 | D:2      | Reached skill level 1 in Maces & Flails
  1970 | D:2      | Reached skill level 1 in Polearms
  1970 | D:2      | Reached skill level 1 in Staves
  1970 | D:2      | Reached skill level 1 in Slings
  1970 | D:2      | Reached skill level 1 in Crossbows
  1970 | D:2      | Reached skill level 1 in Throwing
  1970 | D:2      | Reached skill level 1 in Armour
  1970 | D:2      | Reached skill level 1 in Dodging
  1970 | D:2      | Reached skill level 1 in Unarmed Combat
  1970 | D:2      | Reached skill level 1 in Spellcasting
  1970 | D:2      | Reached skill level 1 in Evocations
  2092 | D:2      | Reached XP level 4. HP: 24/38 MP: 1/5
  3147 | D:3      | Reached skill level 1 in Conjurations
  3147 | D:3      | Reached skill level 1 in Hexes
  3147 | D:3      | Reached skill level 1 in Summonings
  3147 | D:3      | Reached skill level 1 in Necromancy
  3147 | D:3      | Reached skill level 1 in Translocations
  3147 | D:3      | Reached skill level 1 in Transmutations
  3147 | D:3      | Reached skill level 1 in Ice Magic
  3147 | D:3      | Reached skill level 1 in Earth Magic
  3147 | D:3      | Reached skill level 1 in Poison Magic
  3279 | D:3      | Found a burning altar of Makhleb.
  3279 | D:3      | Found a radiant altar of Vehumet.
  3298 | D:3      | Reached XP level 5. HP: 32/43 MP: 5/7
  3687 | D:3      | You fall into a shaft and drop 1 floor!
  3687 | D:4      | Found a blossoming altar of Fedhas.
  3703 | D:4      | Noticed a phantom
  3746 | D:3      | Reached XP level 6. HP: 33/50 MP: 8/8
  3951 | D:4      | Reached skill level 5 in Fighting
  4167 | D:4      | Reached XP level 7. HP: 33/56 MP: 10/10
  4422 | D:4      | Noticed Natasha
  4434 | D:4      | Killed Natasha
  4572 | D:4      | Reached skill level 7 in Bows
  4587 | D:4      | Learned a level 5 spell: Lightning Bolt
  4600 | D:4      | Found a sacrificial altar of Ru.
  4956 | D:4      | Found a staircase to the Ecumenical Temple.
  4956 | D:4      | Noticed Natasha
  4961 | D:4      | Killed Natasha
  5020 | Temple   | Entered the Ecumenical Temple
  5085 | Temple   | Became a worshipper of Cheibriados the Contemplative
  5515 | D:5      | Entered Level 5 of the Dungeon
  5534 | D:5      | Noticed Edmund
  5568 | D:5      | Killed Edmund
  6132 | D:5      | Reached XP level 8. HP: 62/63 MP: 12/12
  7072 | D:6      | Found a sand-covered staircase.
  7134 | D:6      | Reached * piety under Cheibriados
  7148 | Ossuary  | Entered an ossuary
  7775 | Ossuary  | Reached skill level 5 in Air Magic
  7775 | Ossuary  | Reached XP level 9. HP: 68/69 MP: 14/14
  8260 | D:6      | Found a sparkling altar of Nemelex Xobeh.
  8279 | D:6      | Reached ** piety under Cheibriados
  8586 | D:6      | Found an iron altar of Okawaru.
  8605 | D:6      | Found an ornate altar of the Wu Jian Council.
  8652 | D:6      | Found a shimmering altar of Xom.
  8699 | D:6      | Reached skill level 5 in Shields
  8903 | D:6      | Found a basalt altar of Yredelemnul.
  9495 | D:7      | Reached skill level 5 in Stealth
  9602 | D:7      | Found a basalt altar of Yredelemnul.
  9722 | D:7      | Reached skill level 8 in Bows
 10131 | D:7      | Reached skill level 5 in Invocations
 10377 | D:7      | Found a glowing golden altar of the Shining One.
 10516 | D:8      | Found Coimmoet's General Store.
 10531 | D:8      | Bought a +2 scale mail of poison resistance for 252 gold
                  | pieces
 10543 | D:8      | Found Uducuiro's Jewellery Shop.
 10576 | D:8      | HP: 3/71 [orc/+0 mace (2)]
 10582 | D:8      | Mangled by an orc warrior

Illustrated notes

Levels and vault maps discovered:
D:1:      minmay_arrival_semitransparent, layout_basic
D:2:      layout_basic, fountainhead, kennysheep_boxes
D:3:      kennysheep_goblin_castle, layout_loops_ring,
          grunt_temple_overflow_lords_of_destruction,
          nicolae_overflow_crystal_walls
D:4:      layout_basic, old_standard_altar, nicolae_ru_great_annihilating_truth,
          minmay_temple_entry_trees, uniq_natasha
D:5:      layout_basic, grunt_ministairs_9, uniq_edmund
D:6:      layout_loops_ring, old_standard_altar, xom_confusion_cloud,
          marbit_many_paths, kennysheep_little_box, overflow_temple_1_default,
          nicolae_ossuary_entry_plus, lemuel_flamethrower_2
D:7:      layout_gridville, nicolae_tso_swordbearing_angel, basic_altar
D:8:      minmay_tri_box, layout_cave_pods, erik_lair_island, serial_shops,
          shop, shop, shop_statue, shop, hex_medium
Temple:   compressed_dpeg_circular_temple

Skill      XL: |  1  2  3  4  5  6  7  8  9 |
---------------+----------------------------+-----
Fire Magic     | 2 3 4 |  4.4
Invocations    | 1 2 3 4 5 |  5.0
Short Blades   | 1 2 3 4 |  4.5
Long Blades    | 1 2 3 4 |  4.5
Axes           | 1 2 3 4 |  4.5
Maces & Flails | 1 2 3 4 |  4.5
Polearms       | 1 2 3 4 |  4.5
Staves         | 1 2 3 4 |  4.5
Slings         | 1 2 3 4 |  4.5
Crossbows      | 1 2 3 4 |  4.5
Throwing       | 1 2 3 4 |  4.5
Armour         | 1 2 3 4 |  4.5
Dodging        | 1 2 3 4 |  4.5
Unarmed Combat | 1 2 3 4 |  4.5
Spellcasting   | 1 2 3 4 |  4.5
Evocations     | 1 2 3 4 |  4.5
Conjurations   | 1 2 3 |  3.7
Hexes          | 1 2 3 |  3.7
Summonings     | 1 2 3 |  3.7
Necromancy     | 1 2 3 |  3.7
Translocations | 1 2 3 |  3.7
Transmutations | 1 2 3 |  3.7
Ice Magic      | 1 2 3 |  3.7
Earth Magic    | 1 2 3 |  3.7
Poison Magic   | 1 2 3 |  3.7
Shields        | 3 4 5 |  5.3
Air Magic      | 4 5 |  5.4
Fighting       | 5 6 |  6.5
Stealth        | 3 4 5 |  5.2
Bows           | 7 8 |  8.1

Action                   |  1- 3 |  4- 6 |  7- 9 || total
-------------------------+-------+-------+-------++-------
Melee: Mace              |    54 |    12 |       ||    66
       Bite              |     3 |     9 |    51 ||    63
       Spear             |       |   116 |    70 ||   186
       Flail             |       |       |   254 ||   254
       Punch             |       |       |     9 ||     9
 Cast: Shock             |    39 |    39 |    58 ||   136
       Lightning Bolt    |       |       |     2 ||     2
  Use: Potion            |       |       |     8 ||     8
       Scroll            |       |       |    15 ||    15
 Stab: Sleeping          |       |     5 |     7 ||    12
       Distracted        |       |     1 |     1 ||     2
       Paralysed         |       |       |     2 ||     2
Armor: Robe              |    11 |    21 |    98 ||   130
       Scale mail        |       |       |     4 ||     4
Dodge: Dodged            |    40 |    90 |   229 ||   359
Block: Other             |       |       |    14 ||    14

Table legend: (Time is in decaauts)
 A = Elapsed time spent in this place.
 B = Non-inter-level travel time spent in this place.
 C = Inter-level travel time spent in this place.
 D = Time resting spent in this place.
 E = Time spent auto-exploring this place.
 F = Levels seen in this place.
 G = Mean time per level.
                   A        B        C        D        E       F      G
               +--------+--------+--------+--------+--------+-----+--------+
         Total |  11778 |  11374 |    404 |   4170 |   5607 |  10 | 1177.8 |
       Dungeon |  10708 |  10313 |    395 |   3737 |   5227 |   8 | 1338.5 |
        Temple |    102 |     94 |      8 |      0 |     67 |   1 |  102.0 |
       Ossuary |    968 |    968 |      0 |    433 |    313 |   1 |  968.0 |
               +--------+--------+--------+--------+--------+-----+--------+

Top non-repeatable levels by time:
     D:6: 2276 daAuts
     D:2: 2054 daAuts
     D:4: 1647 daAuts
     D:5: 1437 daAuts
     D:7: 1384 daAuts
     D:1: 1000 daAuts
 Ossuary: 968 daAuts
     D:3: 818 daAuts
  Temple: 102 daAuts
     D:8: 89 daAuts
